Map: Arctic Dream LE

Players

SnukiZ

  • Race: Terran Terran
  • Spawn Location: 6:00

lapinas

  • Race: Protoss Protoss
  • Spawn Location: 5:00

qqq - Winner!

  • Race: Zerg Zerg
  • League: Platinum
  • Spawn Location: 12:00

Massa - Winner!

  • Race: Terran Terran
  • League: Gold
  • Spawn Location: 11:00

VOD

Have the link to the VOD?

Description

Time

  • Played on: May 22, 2020, 1:20 p.m.
  • Length: 5:48
Show
View Real Time Build Order
Export as new Build Order

SnukiZ Terran 

Build Orders: Reaper Expand 

Get SALT Encoding   

  12  0:00  SCV  
  13  0:12  SCV  
  14  0:19  Supply Depot  
  14  0:25  SCV  
  15  0:40  SCV  
  15  0:41  Barracks  
  16  0:45  Refinery  
  16  0:52  SCV  
  17  1:04  SCV  
  18  1:16  SCV  
  19  1:29  Reaper  
  19  1:30  Orbital Command  
  20  1:44  Command Center  
  20  1:55  Supply Depot  
  20  1:56  SCV  
  22  2:08  SCV  
  22  2:10  Barracks Reactor  
  22  2:13  Refinery  
  22  2:21  SCV  
  23  2:31  Factory  
  23  2:33  SCV  
  24  2:37  Barracks  
  24  2:45  SCV  
  24  2:51  Marine x2  
  25  2:55  Orbital Command  
  25  2:57  SCV  
  27  3:09  SCV, Marine x2  
  30  3:15  Factory Tech Lab, Barracks  
  30  3:17  Starport  
  30  3:21  SCV  
  30  3:22  SCV  
  30  3:26  Barracks Tech Lab  
  32  3:34  SCV x2  
  33  3:35  Siege Tank  
  37  3:42  Supply Depot  
  37  3:46  SCV x2, Marine x2  
  41  3:55  Stimpack  
  41  3:58  SCV  
  41  3:59  SCV  
  43  4:04  Barracks Reactor  
  43  4:05  Refinery  
  43  4:07  Marine  
  43  4:08  Marine x2, Supply Depot  
  46  4:10  SCV  
  47  4:22  Widow Mine  
  49  4:25  Marine  
  49  4:26  Marine x2  
  49  4:31  Medivac  
  54  4:35  Supply Depot  
  54  4:43  Marine x2  
  56  4:49  Marine x3  
  56  4:52  Widow Mine  
  49  4:57  SCV x2  
  50  5:00  Medivac  
  50  5:01  Marine x2  
  54  5:09  SCV  
  49  5:15  Marine x2  
  46  5:26  Marine  
  46  5:27  Marine x2  
Show
View Real Time Build Order
Export as new Build Order

lapinas Protoss 

Build Orders: 1 Gate Expand 

Get SALT Encoding   

  12  0:01  Probe  
  13  0:13  Probe  
  14  0:20  Pylon  
  14  0:25  Probe  
  15  0:38  Probe  
  15  0:42  Gateway  
  16  0:45  Assimilator  
  16  0:50  Probe  
  17  1:03  Probe (Chrono Boost)  
  18  1:15  Probe (Chrono Boost)  
  19  1:23  Probe (Chrono Boost)  
  20  1:34  Nexus  
  20  1:40  Probe  
  20  1:45  Pylon  
  21  1:55  Cybernetics Core  
  21  2:03  Probe  
  21  2:04  Assimilator  
  22  2:15  Probe  
  23  2:25  Warp Gate (Chrono Boost)  
  23  2:27  Probe  
  24  2:37  Stalker  
  24  2:40  Robotics Facility  
  25  2:44  Gateway  
  25  2:51  Probe  
  25  2:54  Probe  
  26  3:10  Gateway  
  26  3:14  Sentry  
  26  3:17  Gateway  
  28  3:30  Immortal (Chrono Boost)  
  32  3:36  Sentry  
  32  3:40  Probe  
  35  3:41  Probe  
  36  4:06  Observer (Chrono Boost)  
  37  4:12  Sentry  
  22  4:50  Pylon  
Show
View Real Time Build Order
Export as new Build Order

qqq Zerg - Winner!

Build Orders: Hatch First 

Get SALT Encoding   

  12  0:02  Drone  
  13  0:10  Drone  
  14  0:34  Hatchery  
  13  0:39  Drone  
  14  0:55  Spawning Pool  
  13  1:02  Overlord  
  13  1:06  Drone  
  13  1:10  Extractor  
  13  1:11  Drone  
  14  1:32  Drone  
  15  1:36  Drone  
  15  1:37  Drone  
  17  1:49  Drone  
  17  1:52  Queen  
  20  1:55  Queen  
  22  2:03  Drone  
  22  2:05  Drone  
  22  2:06  Drone  
  25  2:13  Metabolic Boost  
  25  2:20  Overlord  
  25  2:24  Zergling x2  
  25  2:27  Zergling x2  
  27  2:30  Zergling x2  
  28  2:45  Zergling x4  
  30  2:52  Zergling x2  
  30  2:55  Zergling x6  
  34  3:04  Zergling x2  
  35  3:11  Zergling x2  
  36  3:12  Overlord x2  
  36  3:31  Zergling x4  
  36  3:32  Zergling x8  
  42  3:37  Zergling x2  
  42  3:38  Zergling x2  
  42  3:41  Zergling x6  
  47  3:44  Zergling x4  
  47  3:47  Drone  
  50  4:05  Zergling x2  
  50  4:06  Zergling x2  
  50  4:09  Overlord x2  
  47  4:29  Zergling x8  
  47  4:30  Zergling x6  
  46  4:49  Zergling x2  
  46  4:50  Zergling x4  
  46  5:08  Zergling x4  
  46  5:09  Zergling x4  
  44  5:24  Zergling x2  
  44  5:25  Zergling x12  
  44  5:26  Zergling x2  
Show
View Real Time Build Order
Export as new Build Order

Massa Terran - Winner!

Build Orders:  

Get SALT Encoding   

  12  0:12  Supply Depot  
  12  0:13  SCV  
  13  0:25  SCV  
  14  0:37  Barracks  
  14  0:39  SCV  
  15  0:51  Supply Depot  
  15  0:56  SCV  
  16  1:08  SCV  
  17  1:13  Barracks  
  17  1:24  Marine  
  18  1:31  Barracks  
  18  1:37  SCV  
  19  1:42  Marine  
  20  1:50  SCV  
  21  2:00  Marine  
  22  2:02  SCV  
  22  2:03  Barracks  
  22  2:04  Marine  
  24  2:12  Supply Depot  
  24  2:18  Marine  
  25  2:25  Marine  
  25  2:26  Marine  
  27  2:35  Marine  
  28  2:43  Marine x2  
  30  2:53  Marine  
  31  2:59  Supply Depot  
  31  3:00  Refinery  
  31  3:01  Marine x3  
  34  3:11  Marine, Supply Depot  
  35  3:19  Marine x3  
  38  3:29  Marine  
  38  3:32  Orbital Command  
  39  3:37  Marine x3  
  42  3:47  Marine  
  43  3:54  Marine  
  43  3:55  Marine x2  
  46  4:04  Marine  
  47  4:12  Marine  
  48  4:21  Marine x2  
  48  4:22  Marine  
  51  4:30  Marine  
  50  4:39  Marine x2  
  50  4:40  Marine  
  49  4:48  Marine  
  50  4:58  Marine x3  
  53  5:06  Marine  
  54  5:13  Engineering Bay  
  54  5:16  Marine  
  55  5:32  Supply Depot  
  55  5:40  Supply Depot  
Tags
 
Add a new tag
Caveats
  • Supply blocks, unpowered buildings, or Contaminate may cause inaccurate times.
  • Supply counts are checked every 10 seconds.